 Dungeon Crawl Stone Soup version 0.18-a0-1164-g7046a04 (webtiles) character file.

214 Duffy the Skirmisher (level 5, 0/34 HPs)
             Began as a Gargoyle Fighter on Jan 25, 2016.
             Slain by Edmund
             ... wielding a +0 dire flail
              (1 damage)
             ... on level 4 of the Dungeon.
             The game lasted 00:02:20 (2484 turns).

Duffy the Skirmisher (Gargoyle Fighter)             Turns: 2484, Time: 00:02:21

Health: 0/34       AC: 14    Str: 19    XL:     5   Next: 91%
Magic:  5/5        EV:  7    Int:  9    God:
Gold:   135        SH:  9    Dex: 10    Spells: 0 memorised, 4 levels left

rFire  . . .     SeeInvis .     a - +0 war axe
rCold  . . .     Gourm    .     b - +0 scale mail
rNeg   + . .     Faith    .     c - +0 shield
rPois  ∞         Spirit   .     l - +0 helmet
rElec  +         Dismiss  .     (no cloak)
rCorr  +         Reflect  .     (no gloves)
SustAt .         Harm     .     g - +1 pair of boots
MR     .....                    (no amulet)
Stlth  ..........               (no ring)
                                m - ring of resist corrosion

@: not resistant to hostile enchantments, extremely unstealthy
A: negative energy resistance 1, electricity resistance, unbreathing,
petrification resistance, rot immunity, AC +4
a: no special abilities


You were on level 4 of the Dungeon.
You were very hungry.

You visited 1 branch of the dungeon, and saw 4 of its levels.
You also visited: Sewer.

You collected 135 gold pieces.


Innate Abilities, Weirdness & Mutations

You are resistant to torment.
Your stone body is resilient (AC +4).
You are immune to poison.
You resist negative energy.
You are resistant to electric shocks.
You can survive without breathing.
You are immune to petrification.
You are immune to rotting.


   Skills:
 + Level 4.8 Fighting
 + Level 4.5 Axes
 - Level 3.2 Armour
 - Level 3.2 Shields


You had 4 spell levels left.
You didn't know any spells.

Inventory:

Hand Weapons
 a - a +0 war axe (weapon)
 o - a +0 whip of electrocution
Missiles
 q - 27 poisoned needles
Armour
 b - a +0 scale mail (worn)
 c - a +0 shield (worn)
 g - a +1 pair of boots (worn)
 l - a +0 helmet (worn)
Jewellery
 m - a ring of resist corrosion (left hand)
Wands
 y - a wand of teleportation (5/9)
Scrolls
 e - a scroll of random uselessness {unknown}
 h - 6 scrolls of identify {unknown}
 i - 2 scrolls of remove curse {unknown}
 k - 4 scrolls of teleportation {unknown}
 n - a scroll of enchant armour {unknown}
 p - a scroll of immolation {unknown}
 x - a scroll of fear {unknown}
Potions
 d - 3 potions of might
 j - 2 potions of curing {unknown}
 r - a potion of ambrosia {unknown}
 s - a potion of heal wounds {unknown}
 w - a potion of mutation {unknown}
Comestibles
 f - 3 bread rations
 t - 2 meat rations
 u - 2 beef jerkies
 v - a slice of pizza

Dungeon Overview and Level Annotations

Branches:
Dungeon (3/15)

Altars:
Nemelex Xobeh
Qazlal
Ru
Yredelemnul

Annotations:
D:4 Edmund


Message History

Edmund hits you but does no damage.
You hit Edmund but do no damage.
Edmund is lightly wounded.
Edmund closely misses you. You block Edmund's attack.
You hit Edmund.
Edmund is moderately wounded.
Edmund hits you but does no damage.
You hit Edmund.
Edmund is moderately wounded.
You block Edmund's attack.
You closely miss Edmund.
Edmund is moderately wounded.
Edmund hits you but does no damage.
You hit Edmund.
Edmund is moderately wounded.
You block Edmund's attack.
Edmund mutters, "Who needs spells, anyway?"
Edmund hits you with a dire flail.
Your shield and scale mail prevent you from hitting Edmund.
Edmund is moderately wounded.
Edmund completely misses you.
You hit Edmund but do no damage.
Edmund is moderately wounded.
Edmund hits you but does no damage.
You hit Edmund but do no damage.
Edmund is moderately wounded.
Edmund says, "I'm quite good with sums, too."
Edmund hits you but does no damage.
You hit Edmund but do no damage.
Edmund is moderately wounded.
Edmund hits you with a dire flail. x2
You barely miss Edmund.
Edmund is moderately wounded.
Edmund hits you with a dire flail.
You die...

##########
#........#
#.######.#
#.#######.#
#.#
#....@@...#
#.#
###########
#.# #.# #.#
#.#######.#
#.........#
###########


You could see Edmund.

Action                   |  1- 3 |  4- 6 || total
-------------------------+-------+-------++-------
Melee: War axe           |   124 |   101 ||   225
       Whip              |       |     7 ||     7
  Eat: Chunk             |     1 |     3 ||     4

Notes
Turn   | Place    | Note
--------------------------------------------------------------
     0 | D:1      | Duffy the Gargoyle Fighter began the quest for the Orb.
     0 | D:1      | Reached XP level 1. HP: 14/14 MP: 1/1
    24 | D:1      | Reached skill level 2 in Axes
    96 | D:1      | Reached XP level 2. HP: 16/19 MP: 2/2
   263 | D:1      | Reached skill level 3 in Axes
   270 | D:1      | Reached XP level 3. HP: 13/23 MP: 3/3
  1147 | D:2      | Reached XP level 4. HP: 19/28 MP: 4/4
  1478 | D:2      | Found a sacrificial altar of Ru.
  1478 | D:2      | Found a sparkling altar of Nemelex Xobeh.
  1486 | D:2      | Found a basalt altar of Yredelemnul.
  2100 | D:3      | Found a glowing drain.
  2111 | D:3      | Reached skill level 4 in Axes
  2112 | D:3      | Reached skill level 4 in Fighting
  2124 | Sewer    | Entered a sewer
  2163 | Sewer    | Noticed Purgy
  2171 | Sewer    | Killed Purgy
  2171 | Sewer    | Reached XP level 5. HP: 29/34 MP: 5/5
  2429 | D:3      | Found a stormy altar of Qazlal.
  2431 | D:3      | You fall through a shaft!
  2450 | D:4      | Noticed Edmund
  2484 | D:4      | Slain by Edmund

Vault maps used:
D:1:      tarquinn_simple_flora_water_b
D:2:      gammafunk_temple_overflow_forgotten
D:3:      overflow_temple_1_default, portal_sewer_entry_f, first_bread,
          kennysheep_decorative_pillar
D:4:      moated_statue, uniq_blork_the_orc, uniq_edmund, uniq_menkaure
Sewer:    kennysheep_door_sewer

Vanquished Creatures
  Purgy
  4 gnolls
  An adder
  An ooze
  A worm
  3 giant geckos
  9 bats
  8 giant cockroaches
  11 goblins
  9 hobgoblins
  2 giant newts
  7 kobolds
  2 rats
59 creatures vanquished.
